 Dungeon Crawl Stone Soup version 0.28.0-43-g3370ac3207 (webtiles) character file.

Game seed: 8914129974793815346

468 adizb the Chopper (level 6, -14/57 HPs)
             Began as a Deep Dwarf Berserker on Mar 17, 2022.
             Was a Believer of Trog.
             Killed from afar by Ijyb (36 damage)
             ... with a bolt of acid
             ... on level 5 of the Dungeon.
             The game lasted 00:19:21 (3172 turns).

adizb the Chopper (Deep Dwarf Berserker)            Turns: 3172, Time: 00:19:21

Health: -14/57     AC:  4    Str: 23    XL:     6   Next: 81%
Magic:  6/6        EV: 14    Int:  7    God:    Trog [**....]
Gold:   238        SH:  0    Dex: 12    Spells: 5/5 levels left

rFire   . . .      SeeInvis .   a - +0 hand axe
rCold   . . .      Faith    +   (no shield)
rNeg    . . .      Spirit   .   k - +0 scale mail
rPois   .          Reflect  .   b - +0 helmet
rElec   .          Harm     .   (no cloak)
rCorr   .          Rampage  .   (no gloves)
Will    +....                   (no boots)
Stlth   ..........              c - amulet of faith
HPRegen 0.00/turn               d - +4 ring of evasion
MPRegen 0.10/turn               m - ring of willpower

@: corroded
A: damage resistance, heal wounds, sense surroundings 1, no regeneration
a: Heal Wounds, Renounce Religion, Berserk, Trog's Hand


You were on level 5 of the Dungeon.
You worshipped Trog.
Trog was pleased with you.
You visited 1 branch of the dungeon, and saw 5 of its levels.

You collected 238 gold pieces.

Inventory:

Hand Weapons
 a - a +0 hand axe (weapon)
Missiles
 h - 13 poisoned darts (quivered)
Armour
 b - a +0 helmet (worn)
 k - a +0 scale mail (worn)
Jewellery
 c - an amulet of faith (around neck)
 d - a +4 ring of evasion (left hand)
 m - a ring of willpower (right hand)
Scrolls
 e - a scroll of silence
 j - a scroll of fear {unknown}
 l - a scroll of magic mapping {unknown}
 o - a scroll of noise {unknown}
Potions
 f - a potion of mutation {unknown}
 g - a potion of curing
 i - a potion of resistance {unknown}
 n - 2 potions of heal wounds {unknown}
 p - a potion of berserk rage {unknown}


   Skills:
 + Level 3.9 Fighting
 * Level 6.0 Axes
 * Level 5.3 Armour
 - Level 2.1 Dodging


You had 5 spell levels left.
You didn't know any spells.
Your spell library was empty.

Dungeon Overview and Level Annotations

Branches:
Dungeon (5/15)
 Temple: D:4-7

Altars:
Ru

Annotations:
D:5 Ijyb


Innate Abilities, Weirdness & Mutations

You are resistant to damage.
You can heal yourself by infusing magical energy.
You passively map a small area around you.
You do not regenerate.


Message History

There is an open door here.
The iguana completely misses you.
You hit the iguana but do no damage.
The iguana bites you but does no damage.
You hit the iguana.
The iguana is moderately wounded.
The iguana misses you.
You barely miss the iguana.
The iguana is moderately wounded.
The iguana barely misses you.
You hit the iguana but do no damage.
The iguana is moderately wounded.
The iguana closely misses you.
You hit the iguana.
The iguana is severely wounded.
The iguana bites you but does no damage.
You hit the iguana.
The iguana is almost dead.
The iguana bites you!
You hit the iguana.
You kill the iguana!
Trog accepts your kill.
Your Axes skill increases to level 6!
You see here 21 stones.
You see here a +0 leather armour.
Found a metallic inky potion.
f - a metallic inky potion
Found 20 stones.
You see here 20 stones.
Found a stone staircase leading up and a stone staircase leading down.
Ijyb the Twisted Goblin comes into view.
She is wielding a +0 club and carrying a wand of acid (9).
Ijyb shouts!
Ijyb zaps a wand.
The bolt of acid misses you.
Ijyb zaps a wand.
The bolt of acid hits you!! The acid corrodes you!
You hit Ijyb but do no damage. Ijyb hits you with a +0 club.
You barely miss Ijyb. Ijyb hits you with a +0 club.
You hit Ijyb but do no damage. Ijyb barely misses you.
You barely miss Ijyb.
Ijyb zaps a wand.
The bolt of acid hits you!!!
Ouch! That really hurt!
You die...

* *#.#.##..#.# * #.* .#
##..#.# * #. .# .
#.#.#.# , #.* .#, ..
#.#.#.# * * #.##.# ...
,###.#.# ,####....#..,
,,#.#.# #........ ,, *
#.#.#
#...g..###########.#..
,
,#....@.............#.#
,
#...#############...(.
###, ..........###. , ,
* ############.# #. ,
,* ####..(.[....##.###.
, #....#######.<#.....
* #.###.#.####..#####.
,* #.#.........#....##.
#.#.#.#.###.####.###


You could see Ijyb.

Vanquished Creatures
  Grinder (D:3)
  A hound (D:4)
  An iguana (D:5)
  A bullfrog skeleton (D:5)
  Natasha (twice) (D:2)
  2 hound skeletons (D:4)
  4 adders
  A white imp (D:4)
  2 ufetubi
  2 dart slugs
  2 orcs
  3 bats
  8 endoplasms
  3 giant cockroaches
  7 goblins
  2 hobgoblins
  3 jackals (D:4)
  5 quokkas
  3 ball pythons
  5 frilled lizards
  7 kobolds
  5 rats
70 creatures vanquished.

Vanquished Creatures (others)
  A plant (D:1)
1 creature vanquished.

Grand Total: 71 creatures vanquished

Notes
Turn   | Place    | Note
-------+----------+-------------------------------------------
     0 | D:1      | adizb the Deep Dwarf Berserker began the quest for the Orb.
     0 | D:1      | Reached XP level 1. HP: 20/20 MP: 1/1
   131 | D:1      | Reached XP level 2. HP: 13/27 MP: 2/2
   374 | D:1      | Reached ** piety under Trog
   753 | D:2      | Reached skill level 4 in Axes
   753 | D:2      | Reached XP level 3. HP: 30/34 MP: 3/3
  1177 | D:2      | Noticed Natasha
  1184 | D:2      | Killed Natasha
  1185 | D:2      | Reached XP level 4. HP: 29/42 MP: 4/4
  1194 | D:2      | Found a faded altar of an unknown god.
  1501 | D:2      | Noticed Natasha
  1521 | D:2      | Killed Natasha
  1795 | D:3      | Noticed Grinder
  1840 | D:3      | Paralysed by Grinder for 5 turns
  1865 | D:3      | Killed Grinder
  1866 | D:3      | Reached skill level 5 in Axes
  1866 | D:3      | Reached XP level 5. HP: 28/50 MP: 5/5
  1866 | D:3      | Reached XP level 6. HP: 32/57 MP: 6/6
  2470 | D:4      | Reached skill level 5 in Armour
  2585 | D:4      | Found a sacrificial altar of Ru.
  2892 | D:5      | Entered Level 5 of the Dungeon
  3067 | D:5      | Reached skill level 6 in Axes
  3164 | D:5      | Noticed Ijyb
  3172 | D:5      | Killed from afar by Ijyb

Illustrated notes

Levels and vault maps discovered:
D:1:      tarquinn_simple_flora_water_f, layout_basic
D:2:      layout_loops_corners, shapermc_ecumenical_altar_venn,
          kennysheep_cross_bottleneck, uniq_natasha
D:3:      layout_rooms, uniq_grinder
D:4:      layout_layer_cave, nicolae_ru_sacrificial_ziggurat
D:5:      layout_basic, serial_co_window_serial, co_window_corner_a,
          co_window_paths_a, co_window_of_opportunity_a, co_window_cross_1,
          co_window_paths_b, co_window_paths_a, co_window_cross_3,
          co_window_corner_b, co_window_unsneaky_path_e, co_window_broadway_b,
          co_window_corner_cb, co_window_paths_c, glass_columns_a,
          glass_columns_b, uniq_ijyb, uniq_menkaure

Skill      XL: |  1  2  3  4  5  6 |
---------------+-------------------+-----
Fighting       | 3 |  3.9
Axes           | 4 5 6 |  6.0
Armour         | 3 4 5 |  5.3
Dodging        | |  2.1

Action                   |  1- 3 |  4- 6 || total
-------------------------+-------+-------++-------
Melee: Hand axe          |   116 |   187 ||   303
       Punch             |       |     2 ||     2
Throw: Dart              |       |     3 ||     3
Invok: Trog's Hand       |     1 |     8 ||     9
       Berserk           |       |     1 ||     1
 Abil: Heal Wounds       |     1 |       ||     1
  Use: Scroll            |     1 |     2 ||     3
 Stab: Sleeping          |     2 |       ||     2
Armor: Animal skin       |    10 |       ||    10
       Leather armour    |     8 |       ||     8
       Scale mail        |     2 |    67 ||    69
Dodge: Dodged            |    73 |   145 ||   218
